 Dungeon Crawl Stone Soup version 0.27.1-3-gb3d3a73c9e (webtiles) character file.

Game seed: 11734622641871504283

1465 Crownlay the Destroyer (level 8, -5/41 HPs)
             Began as a Tengu Conjurer on Oct 21, 2021.
             Splashed by an acid dragon's acid (10 damage)
             ... on level 9 of the Dungeon.
             The game lasted 00:09:42 (6551 turns).

Crownlay the Destroyer (Tengu Conjurer)             Turns: 6551, Time: 00:09:42

Health: -5/41      AC:  4    Str:  7    XL:     8   Next: 77%
Magic:  15/18      EV: 14    Int: 21    God:
Gold:   393        SH:  0    Dex: 13    Spells: 17/20 levels left

rFire    . . .     SeeInvis .   b - staff of cold
rCold    + . .     Faith    .   (no shield)
rNeg     + . .     Spirit   .   a - +0 robe
rPois    .         Reflect  .   (helmet restricted)
rElec    .         Harm     .   j - +1 cloak
rCorr    .         Rampage  .   (no gloves)
Will     .....                  (boots unavailable)
Stlth    ++........             (no amulet)
HPRegen  0.13/turn              m - ring of positive energy
MPRegen  0.16/turn              (no ring)

@: flying quickly and evasively, quick
A: beak, talons 3, nimble flight
a: no special abilities


You were on level 9 of the Dungeon.
You visited 1 branch of the dungeon, and saw 7 of its levels.
You also visited: Sewer.

You collected 393 gold pieces.

Inventory:

Armour
 a - a +0 robe (worn)
 j - a +1 cloak (worn)
Magical Staves
 b - a staff of cold (weapon)
Jewellery
 m - a ring of positive energy (left hand)
 o - a ring of ice
Wands
 l - a wand of digging (3)
 x - a wand of polymorph (9)
Scrolls
 c - a scroll of enchant armour {unknown}
 d - 2 scrolls of teleportation
 q - a scroll of blinking
 r - 2 scrolls of enchant weapon
 u - 2 scrolls of brand weapon {unknown}
 y - a scroll of immolation {unknown}
Potions
 e - 2 potions of invisibility
 f - 2 potions of heal wounds
 g - a potion of flight {unknown}
 h - 2 potions of ambrosia {unknown}
 i - a potion of attraction {unknown}
 k - 2 potions of magic {unknown}
 n - a potion of curing {unknown}
 p - 2 potions of might {unknown}
 s - 2 potions of cancellation {unknown}
 t - a potion of experience {unknown}
 v - 3 potions of haste
 w - a potion of lignification {unknown}


   Skills:
 - Level 2.1 Dodging
 - Level 2.0 Stealth
 + Level 6.5 Spellcasting
 * Level 11.5 Conjurations


You had 17 spell levels left.
You knew the following spells:

 Your Spells              Type           Power      Damage    Failure   Level
a - Magic Dart            Conj           100%       1d8       1%          1
b - Searing Ray           Conj           100%       3d7       1%          2

Your spell library contained the following spells:

 Spells                   Type           Power      Damage    Failure   Level
 Dazzling Flash           Conj/Hex       62%        N/A       2%          3
 Fulminant Prism          Conj/Hex       15%        3d11      9%          4
 Iskenderun's Mystic Bla  Conj/Tloc      31%        2d8       9%          4
 Sandblast                Erth           12%        2d6       10%         1
 Passwall                 Tmut/Erth      5%         N/A       14%         2
 Lee's Rapid Deconstruct  Erth           3%         3d6*      95%         5


Dungeon Overview and Level Annotations

Branches:
Dungeon (6/15)              Sewer (visited)
 Temple: D:4-7

Altars:
Qazlal

Annotations:
D:6 3 runed translucent doors, mandor's ghost, novice DsIE


Innate Abilities, Weirdness & Mutations

You have a beak for a mouth.
You have claws for feet.
Your magical nature lets you fly swiftly and evasively.


Message History

Confirm with . or Enter, or press ? or * to list all spells.
Aiming: Searing Ray (safe; 1% risk of failure)
Press: ? - help, Shift-Dir - straight line, f - sky beast
Aim: a sky beast (asleep, 100% to hit)
The searing ray hits the sky beast!
The sky beast is moderately wounded. (Press . to maintain the ray.)
The searing ray hits the sky beast.
The sky beast is heavily wounded.
The sky beast hits you but does no damage.
The searing ray hits the sky beast!
The sky beast is almost dead.
The sky beast barely misses you.
The searing ray hits the sky beast!
You kill the sky beast!
You finish channeling your searing ray.
Found an escape hatch in the floor.
Found a ring mail.
You are sucked into a shaft and drop 3 floors!
The shaft crumbles and collapses.
An acid dragon comes into view.
Okay, then.
Casting: Searing Ray (safe; 1% risk of failure)
Confirm with . or Enter, or press ? or * to list all spells.
Aiming: Searing Ray (safe; 1% risk of failure)
Press: ? - help, Shift-Dir - straight line, f - acid dragon
Aim: an acid dragon (asleep, 100% to hit)
The searing ray hits the acid dragon!
The acid dragon is moderately wounded.
The acid dragon roars! (Press . to maintain the ray.)
The acid dragon spits acid at you. The splash of acid hits you!
You are splashed with acid!
The searing ray hits the acid dragon.
The acid dragon is heavily wounded.
The acid dragon spits acid at you. The splash of acid hits you!
* * * LOW HITPOINT WARNING * * *
You are splashed with acid!
You die...

#. # #. ..
#. #.###.
..... ...
#.######.##
#..@..D....
#..#####.##
...#.#
#...###.
....# #
#.#. . . .


You could see an acid dragon (catching breath).

Vanquished Creatures
  A black bear (D:5)
  2 sky beasts (D:6)
  A necrophage (D:6)
  2 ogres
  A phantom (D:3)
  A wyvern zombie (D:5)
  4 scorpions
  A centaur zombie (D:5)
  Crazy Yiuf (D:3)
  3 hounds
  2 orc priests (D:4)
  A centaur skeleton (D:5)
  A scorpion zombie (D:5)
  2 orc wizards
  2 hound skeletons (D:4)
  3 gnolls (D:5)
  7 adders
  7 river rats
  4 worms
  A dart slug (D:1)
  17 orcs
  12 ball pythons
  3 endoplasms
  7 goblins
  4 hobgoblins
  5 jackals (D:4)
  12 kobolds
  2 quokkas
  4 bats
  5 frilled lizards (Sewer)
  9 rats
127 creatures vanquished.

Notes
Turn   | Place    | Note
-------+----------+-------------------------------------------
     0 | D:1      | Crownlay the Tengu Conjurer began the quest for the Orb.
     0 | D:1      | Reached XP level 1. HP: 10/10 MP: 4/4
   244 | D:1      | Reached XP level 2. HP: 15/15 MP: 2/6
   847 | D:2      | Reached XP level 3. HP: 19/19 MP: 5/8
   850 | D:2      | Learned a level 2 spell: Searing Ray
  1811 | D:3      | Reached XP level 4. HP: 24/24 MP: 5/10
  1900 | D:3      | Found a runed translucent door.
  1901 | D:3      | Noticed Crazy Yiuf
  1909 | D:3      | Killed Crazy Yiuf
  2175 | D:3      | Found a faded altar of an unknown god.
  2511 | D:3      | Reached skill level 6 in Conjurations
  2558 | D:3      | Found a stormy altar of Qazlal.
  2567 | D:3      | Noticed a phantom
  2572 | D:3      | Killed a phantom
  2573 | D:3      | Gained mutation: Your magical nature lets you fly swiftly
                  | and evasively. [Tengu growth]
  2573 | D:3      | Reached XP level 5. HP: 28/28 MP: 5/12
  3125 | D:4      | Reached skill level 7 in Conjurations
  3125 | D:4      | Reached XP level 6. HP: 32/32 MP: 6/13
  3529 | D:4      | Reached skill level 5 in Spellcasting
  3529 | D:4      | Reached skill level 8 in Conjurations
  3709 | D:4      | Reached XP level 7. HP: 24/36 MP: 6/15
  4325 | D:5      | Entered Level 5 of the Dungeon
  4415 | D:5      | Reached skill level 9 in Conjurations
  4757 | D:5      | Reached XP level 8. HP: 35/41 MP: 13/17
  4866 | D:5      | Reached skill level 10 in Conjurations
  4875 | D:5      | Found a glowing drain.
  4882 | Sewer    | Entered a sewer
  6114 | D:6      | Noticed mandor's ghost (novice DsIE)
  6115 | D:6      | Noticed a yak
  6116 | D:6      | Found a runed translucent gate.
  6117 | D:6      | Found a runed translucent gate.
  6117 | D:6      | Found a runed translucent gate.
  6294 | D:6      | Reached skill level 11 in Conjurations
  6548 | D:6      | You are sucked into a shaft and drop 3 floors!
  6551 | D:9      | Splashed by an acid dragon's acid

Illustrated notes

Levels and vault maps discovered:
D:1:      lightli_arrival_flooded_house, layout_basic
D:2:      layout_basic, palyth_stone_intersect
D:3:      layout_loops_ring, grunt_qazlal_sundering,
          shapermc_ecumenical_altar_mp_ritualfount, uniq_crazy_yiuf_cottage
D:4:      layout_rooms
D:5:      layout_loops_ring, portal_sewer_entry_b, roderic_three_in_a_row
D:6:      layout_loops_ring, minmay_temple_entry_nine_rooms, serial_shops, shop,
          gammafunk_ghost_split, kennysheep_opposing_triangles,
          uniq_prince_ribbit1
D:9:      minmay_sliced_demisemicircle, layout_loops_ring, kennysheep_mini_moat,
          tso_oasis_becter, minmay_orc_entry_guard_dogs, grunt_decor_arrowhead,
          st_stairs_6, minivault_27

Skill      XL: |  1  2  3  4  5  6  7  8 |
---------------+-------------------------+-----
Spellcasting   | 3 4 5 6 |  6.5
Conjurations   | 6 7 8 9 11 | 11.5
Dodging        | |  2.1
Stealth        | |  2.0

Action                   |  1- 3 |  4- 6 |  7- 9 || total
-------------------------+-------+-------+-------++-------
Melee: Staff             |       |     2 |     9 ||    11
       Kick              |       |     1 |     2 ||     3
       Peck              |       |     1 |     2 ||     3
 Cast: Magic Dart        |    53 |    65 |    77 ||   195
       Searing Ray       |     2 |    11 |    25 ||    38
  Use: Scroll            |       |       |     7 ||     7
Armor: Robe              |     1 |     3 |    18 ||    22
Dodge: Dodged            |     6 |     9 |    40 ||    55
